 Dungeon Crawl Stone Soup version 0.28-a0-863-g8cecda6153 (webtiles) character file.

Game seed: 17976620330307377018

27 browni3141 the Sneak (level 3, -1/30 HPs)
             Began as a Djinni Delver on Nov 19, 2021.
             Slain by a jelly (3 damage)
             ... on level 7 of the Dungeon.
             The game lasted 00:01:50 (229 turns).

browni3141 the Sneak (Djinni Delver)                 Turns: 229, Time: 00:01:50

Health: -1/30      AC: -2    Str: 11    XL:     3   Next: 25%
Gold:   6          EV:  9    Int: 12    God:
                   SH:  0    Dex: 14

rFire   + + .      SeeInvis .   a - +0 falchion
rCold   x . .      Faith    .   (no shield)
rNeg    . . .      Spirit   .   h - +0 scale mail
rPois   ∞          Reflect  .   (no helmet)
rElec   .          Harm     .   (no cloak)
rCorr   .          Rampage  .   (no gloves)
Will    .....                   (boots unavailable)
Stlth   +.........              (no amulet)
HPRegen 0.10/turn               (no ring)
MPRegen 0.00/turn               (no ring)

@: corroded, flying
A: sickness immunity, fire resistance 2, cold vulnerability 1, float, innate
caster, hp casting, extra vitality 1
a: no special abilities


You were on level 7 of the Dungeon.
You visited 1 branch of the dungeon, and saw 3 of its levels.

You collected 6 gold pieces.

Inventory:

Hand Weapons
 a - a +0 falchion (weapon)
Armour
 b - a +0 leather armour
 h - a +0 scale mail (worn)
Wands
 g - a wand of digging (3)
Scrolls
 c - a scroll of fog
 d - a scroll of magic mapping
 e - a scroll of fear
Potions
 f - a potion of haste
 i - a potion of ambrosia {unknown}


   Skills:
 - Level 3.0 Fighting
 * Level 3.1 Long Blades
 - Level 2.1 Dodging
 - Level 4.1 Stealth


You had one spell level left.
You knew the following spells:

 Your Spells              Type           Power      Damage    Failure   Level
a - Summon Small Mammal   Summ           0%         N/A       91%         1
Your spell library was empty.

Dungeon Overview and Level Annotations

Branches:
Dungeon (7/15)
 Temple: D:4-7

Altars:


Innate Abilities, Weirdness & Mutations

You are immune to sickness and miasma.
You are immune to poison.
Your flesh is very heat resistant. (rF++)
You are vulnerable to cold. (rC-)
You float through the air rather than walking.
You learn spells naturally, not from books.
Your magical power is your life essence.
You have superior vitality. (+4 HP)


Message History

You completely miss the centaur skeleton.
The centaur skeleton is severely damaged.
The centaur skeleton hits you.
The centaur skeleton kicks you but does no damage.
The centaur skeleton closely misses you. x2
You slash the centaur skeleton!
You destroy the centaur skeleton!
Your Long Blades skill gained 2 levels and is now at level 3!
You have reached level 2!
You have reached level 3!
Your experience leads to an increase in your attributes!
Increase (S)trength, (I)ntelligence, or (D)exterity?
You feel clever.
The power to cast Summon Small Mammal wells up from within.
Spell assigned to 'a'.
A water moccasin skeleton comes into view.
You start resting.
A jelly comes into view.
The jelly quivers.
A jelly is nearby!
You start resting.
A jelly is nearby!
Casting: Summon Small Mammal (safe; 91% risk of failure)
Confirm with . or Enter, or press ? or * to list all spells.
Okay, then.
Unknown command.
There is an escape hatch in the floor here.
There is an escape hatch in the floor here.
An orc comes into view. It is wielding a +0 rapier.
The orc shouts!
There is an escape hatch in the floor here.
The jelly hits you. The acid corrodes you!
You are splashed with acid!
You fly downwards.
The hatch slams shut behind you.
The jelly quivers.
Unknown command.
The jelly hits you. The acid corrodes you!
You are splashed with acid.
The jelly hits you.
You are splashed with acid!
* * * LOW HITPOINT WARNING * * *
The jelly hits you.
You die...

....# ..
##########....##. ...
#...........#....#..#
#............. .....
#...........##....#
##......J.#.#......
##..................
#...........@#
##...#..#..J.#
########.#### ###


You could see 2 jellies.

Vanquished Creatures
  A centaur skeleton (D:6)
1 creature vanquished.

Notes
Turn   | Place    | Note
-------+----------+-------------------------------------------
     0 | D:5      | browni3141 the Djinni Delver began the quest for the Orb.
     0 | D:5      | Reached XP level 1. HP: 20/20 MP: 0/0
     3 | D:5      | Noticed a black bear
     3 | D:5      | Noticed a hound
    60 | D:6      | Reached XP level 2. HP: 10/25 MP: 0/0
    60 | D:6      | Reached XP level 3. HP: 13/30 MP: 0/0
    60 | D:6      | Learned a level 1 spell: Summon Small Mammal
   229 | D:7      | Slain by a jelly

Illustrated notes

Levels and vault maps discovered:
D:5:      layout_rooms
D:6:      layout_rooms
D:7:      layout_cave_pools, ebering_ghost_disaster_area,
          uniq_crazy_yiuf_cottage

Skill      XL: |  1 |
---------------+----+-----
Long Blades    | 3 |  3.1
Fighting       | |  3.0
Dodging        | |  2.1
Stealth        | |  4.1

Action                   || total
-------------------------++-------
Melee: Falchion          ||     7
Armor: Scale mail        ||     6
Dodge: Dodged            ||     7

Table legend: (Time is in decaauts)
 A = Elapsed time spent in this place.
 B = Non-inter-level travel time spent in this place.
 C = Inter-level travel time spent in this place.
 D = Time resting spent in this place.
 E = Time spent auto-exploring this place.
 F = Levels seen in this place.
 G = Mean time per level.
                   A        B        C        D        E       F      G
               +--------+--------+--------+--------+--------+-----+--------+
         Total |    229 |    229 |      0 |     18 |     44 |   3 |   76.3 |
       Dungeon |    229 |    229 |      0 |     18 |     44 |   3 |   76.3 |
               +--------+--------+--------+--------+--------+-----+--------+

Top non-repeatable levels by time:
     D:6: 213 daAuts
     D:5: 9 daAuts
     D:7: 7 daAuts
